 Dungeon Crawl Stone Soup version 0.28-a0-1415-g7c84da036a (webtiles) character file.

Game seed: 2702575523256982892

91 lonewolfV2 the Conjurer (level 4, -1/33 HPs)
             Began as a Demigod Conjurer on Jan 7, 2022.
             Slain by a goblin (3 damage)
             ... on level 2 of the Dungeon.
             The game lasted 00:04:38 (2334 turns).

lonewolfV2 the Conjurer (Demigod Conjurer)          Turns: 2334, Time: 00:04:38

Health: -1/33      AC:  2    Str:  8    XL:     4   Next: 12%
Magic:  2/10       EV: 12    Int: 30    God:
Gold:   144        SH:  0    Dex: 12    Spells: 4/7 levels left

rFire   . . .      SeeInvis .   (no weapon)
rCold   + . .      Faith    .   (no shield)
rNeg    . . .      Spirit   .   a - +0 robe
rPois   .          Reflect  .   (no helmet)
rElec   .          Harm     .   (no cloak)
rCorr   .          Rampage  .   (no gloves)
Will    .....                   (no boots)
Stlth   ++........              (no amulet)
HPRegen 0.11/turn               d - +6 ring of intelligence
MPRegen 0.12/turn               e - ring of protection from cold

@: no status effects
A: high mp 1, forlorn, divine attributes
a: no special abilities


You were on level 2 of the Dungeon.
You visited 1 branch of the dungeon, and saw 3 of its levels.

You collected 144 gold pieces.

Inventory:

Armour
 a - a +0 robe (worn)
Jewellery
 d - a +6 ring of intelligence (left hand)
 e - a ring of protection from cold (right hand)
Wands
 b - a wand of iceblast (6)
 h - a wand of flame (14) (quivered)
Scrolls
 c - a scroll of teleportation {unknown}
 f - a scroll of brand weapon {unknown}
 g - a scroll of summoning {unknown}


   Skills:
 + Level 2.0 Dodging
 + Level 2.2 Stealth
 + Level 0.1 Unarmed Combat
 + Level 2.3 Spellcasting
 + Level 4.8 Conjurations


You had 4 spell levels left.
You knew the following spells:

 Your Spells              Type           Power      Damage    Failure   Level
a - Magic Dart            Conj           100%       1d8       1%          1
b - Searing Ray           Conj           64%        2d6       1%          2

Your spell library contained the following spells:

 Spells                   Type           Power      Damage    Failure   Level
 Beastly Appendage        Tmut           6%         N/A       8%          1
 Dazzling Flash           Conj/Hex       34%        N/A       9%          3
 Wereblood                Tmut           3%         N/A       12%         2
 Spider Form              Tmut/Pois      3%         N/A       24%         3
 Fulminant Prism          Conj/Hex       8%         3d7       28%         4
 Iskenderun's Mystic Bla  Conj/Tloc      17%        2d5       28%         4


Dungeon Overview and Level Annotations

Branches:
Dungeon (3/15)


Innate Abilities, Weirdness & Mutations

You have an increased reservoir of magic. (+10% MP)
You shall have no god before yourself.
Your divine heritage dramatically boosts your attributes as you level up.


Message History

A goblin comes into view. It is wielding a +0 dagger.
The bat closely misses you. The orc barely misses you.
The goblin closely misses you.
You climb upwards.
There is a stone staircase leading down here.
The bat hits you. The orc hits you with a +0 dagger.
The goblin barely misses you.
You hit the orc.
The orc is lightly wounded.
The orc barely misses you. The goblin closely misses you. The bat hits you.
You hit the orc but do no damage.
The orc is lightly wounded.
The bat hits you. The bat barely misses you. The orc barely misses you.
The goblin hits you with a +3 dagger.
You hit the orc but do no damage. Your punch misses the orc.
The orc is lightly wounded.
The orc completely misses you. The bat barely misses you.
The goblin hits you with a +3 dagger.
You hit the orc but do no damage.
The orc is lightly wounded.
The bat misses you. The orc hits you with a +0 dagger.
The goblin barely misses you.
Casting: Magic Dart (safe; 1% risk of failure)
Confirm with . or Enter, or press ? or * to list all spells.
Aiming: Magic Dart (safe; 1% risk of failure)
Press: ? - help, Shift-Dir - straight line, f - goblin
Aim: a goblin, wielding a +3 dagger (100% to hit)
The magic dart hits the goblin.
The goblin is severely wounded.
The bat barely misses you. The orc hits you with a +0 dagger.
* * * LOW HITPOINT WARNING * * *
The goblin closely misses you.
You barely miss the orc.
The orc is lightly wounded.
The bat hits you but does no damage. The orc hits you with a +0 dagger.
* * * LOW HITPOINT WARNING * * *
The goblin hits you with a +3 dagger.
* * * LOW HITPOINT WARNING * * *
The goblin hits you with a +3 dagger.
You die...

...# #.#
#.#######.##########
......÷............#
#.#...÷.#.#######.##
#.#^###.#.# #.#
..#.# #.#.#######.##
###.###.#.##†......#
......#.#.##.###..##
#...#####.##.###@g#
#§§°# #.......o>#
#.☼.# #.<..##...#
#§.§# #..(....b.#
#...# #)........#
.$.$...§.#####....#
."...§☼☼. #.#..#
).$$..§§. #.#..#
#...##### #.#..#


You could see an orc, a goblin and a bat.

Vanquished Creatures
  An orc wizard (D:3)
  3 adders (D:2)
  A dart slug (D:3)
  3 ball pythons
  4 endoplasms
  4 goblins
  2 hobgoblins (D:1)
  4 kobolds
  2 quokkas (D:2)
  3 bats
  4 frilled lizards
  4 rats
35 creatures vanquished.

Notes
Turn   | Place    | Note
-------+----------+-------------------------------------------
     0 | D:1      | lonewolfV2 the Demigod Conjurer began the quest for the
                  | Orb.
     0 | D:1      | Reached XP level 1. HP: 14/14 MP: 5/5
   247 | D:1      | Reached skill level 4 in Conjurations
   598 | D:1      | Reached XP level 2. HP: 20/20 MP: 2/7
   601 | D:1      | Learned a level 2 spell: Searing Ray
  1285 | D:2      | Reached XP level 3. HP: 21/26 MP: 1/8
  2322 | D:3      | Reached XP level 4. HP: 32/33 MP: 4/10
  2334 | D:2      | Slain by a goblin

Illustrated notes

Levels and vault maps discovered:
D:1:      tarquinn_simple_flora_water_d, layout_basic,
          shapermc_ecumenical_altar_venn
D:2:      kennysheep_big_flooded_room, layout_basic, lemuel_flame_loot_1
D:3:      kennysheep_slugbush, layout_basic, skrybe_limestone_x, uniq_natasha,
          uniq_grinder

Skill      XL: |  1  2  3 |
---------------+----------+-----
Conjurations   | 4 |  4.8
Spellcasting   | 2 |  2.3
Stealth        | 2 |  2.2
Dodging        | 2 |  2.0
Unarmed Combat | |  0.1

Action                   |  1- 3 |  4- 6 || total
-------------------------+-------+-------++-------
Melee: Unarmed           |     7 |     5 ||    12
 Cast: Magic Dart        |    49 |     4 ||    53
       Searing Ray       |     6 |       ||     6
  Use: Scroll            |     2 |       ||     2
       Potion            |     2 |       ||     2
Armor: Robe              |     2 |     1 ||     3
       Skin              |     2 |       ||     2
Dodge: Dodged            |     9 |    18 ||    27

Table legend: (Time is in decaauts)
 A = Elapsed time spent in this place.
 B = Non-inter-level travel time spent in this place.
 C = Inter-level travel time spent in this place.
 D = Time resting spent in this place.
 E = Time spent auto-exploring this place.
 F = Levels seen in this place.
 G = Mean time per level.
                   A        B        C        D        E       F      G
               +--------+--------+--------+--------+--------+-----+--------+
         Total |   2332 |   2299 |     33 |    410 |   1594 |   3 |  777.3 |
       Dungeon |   2332 |   2299 |     33 |    410 |   1594 |   3 |  777.3 |
               +--------+--------+--------+--------+--------+-----+--------+

Top non-repeatable levels by time:
     D:2: 1341 daAuts
     D:1: 983 daAuts
     D:3: 8 daAuts
